AoeStats
← Ph03n1x

African Clearing

505753553Analyzed
4v4 RM · 21d ago on Sep 10, 2026· 33m 10s· 8 players
Game mode
Random Map
Map size
Large (8 player)
Population
200
Speed
Normal
Resources
Standard
Victory
Conquest
Starting age
Dark Age
Ending age
Imperial Age
RankedLock teamsTeams togetherTeam positionsShared explorationLock speedFull tech treeHidden civsTurbo modeCheats
Victory
Defeat
🇺🇸 Teutons · United States
1232
+15
🇬🇧 Slavs · United Kingdom
1203
+17
🇪🇸 Spanish · Spain
1177
+18
1361
-22
🇨🇱 Wei · Chile
1307
-20
🇨🇱 Magyars · Chile
1218
-17
🇨🇱 Huns · Chile
975
-7
Chianti | AwE
2:50 Loom
15:30 Feudal Age
17:23 Scale Mail Armor
17:33 Forging
18:10 Wheelbarrow
26:27 Double-Bit Axe
28:00 Horse Collar
32:05 Castle Age
33:22 Hand Cart
33:23 Bow Saw
软脚虾5号(p6有机会获得妙卡奶牛)
13:25 Feudal Age
13:02 Loom
14:12 Double-Bit Axe
14:35 Gold Mining
17:00 Castle Age
15:01 Stone Mining
15:21 Horse Collar
16:29 Town Watch
17:50 Bow Saw
19:10 Wheelbarrow
19:26 Fletching
22:26 Bodkin Arrow
22:59 Padded Archer Armor
24:13 Ballistics
24:37 Heavy Plow
26:31 Leather Archer Armor
28:51 Husbandry
29:02 Bloodlines
30:34 Bloodlines
Ph03n1x
5:29 Loom
13:53 Feudal Age
14:45 Double-Bit Axe
20:36 Castle Age
18:48 Forging
18:44 Scale Barding Armor
20:33 Bloodlines
22:29 Bow Saw
26:18 Iron Casting
jaimelugu8
6:05 Loom
7:07 Loom
14:50 Feudal Age
18:59 Castle Age
17:50 Stone Mining
20:00 Fletching
pensionado
13:16 Feudal Age
11:34 Loom
13:20 Feudal Age
17:30 Castle Age
15:30 Double-Bit Axe
16:00 Horse Collar
16:49 Stone Mining
17:44 Gold Mining
23:02 Scale Barding Armor
25:53 Wheelbarrow
25:31 Husbandry
26:19 Forging
27:19 Bow Saw
28:15 Hand Cart
28:50 Chain Barding Armor
29:54 Bloodlines
papayoint
6:40 Loom
13:03 Feudal Age
14:00 Double-Bit Axe
23:02 Castle Age
22:46 Gold Mining
22:38 Horse Collar
24:37 Bloodlines
CHICOFLA
6:12 Loom
14:15 Feudal Age
18:42 Castle Age
18:57 Stone Mining
21:18 Town Watch
22:47 Fletching
𓅭まみガキもポ マ
8:52 Loom
11:31 Loom
14:53 Feudal Age
20:51 Castle Age
20:45 Double-Bit Axe
21:20 Town Watch
22:35 Fletching
27:09 Pikeman
31:40 Scale Mail Armor
33:11 Chain Mail Armor
Connection lost

Rejoining the realm…

Still unreachable

The connection could not be restored.

Session expired

The server has moved on; the page needs a fresh start.